 Dungeon Sprint DCSS version 0.16.1-51-g6203257 (webtiles) character file.

44181 poirepourri the Severer (level 13, -13/150 HPs)
             Began as a Deep Dwarf Fighter on Aug 5, 2015.
             Was the Champion of Trog.
             Shot with a bolt by an orc knight (21 damage)
             ... in the Dungeon (Sprint IX: "|||||||||||||||||||||||||||||").
             The game lasted 00:18:38 (3304 turns).

poirepourri the Severer (Deep Dwarf Fighter)        Turns: 3304, Time: 00:18:38

Health: -13/150    AC: 27    Str: 26      XL:     13   Next: 94%
Magic:  22/22      EV: 16    Int: 11 (13) God:    Trog [******]
Gold:   1426       SH: 16    Dex: 13      Spells: 0 memorised, 12 levels left

rFire  . . .     SeeInvis .     t - +5 war axe (freeze)
rCold  . . .     Clarity  .     T - +3 chain mail
rNeg   . . .     SustAb   .     c - +1 shield
rPois  .         Gourm    .     S - +0 helmet {Int+3}
rElec  .         Spirit   .     U - +1 cloak
rCorr  .         Warding  .     s - +2 pair of gloves
rMut   .         NoTele   +     C - +0 pair of boots
MR     +++..                    (no amulet)
Stlth  ..........               q - +3 ring of strength
                                p - +2 ring of protection

@: exhausted, non-regenerating, slowed, very slow, extremely resistant to
hostile enchantments, extremely unstealthy
A: damage resistance, recharge devices, mutation resistance 1, sense
surroundings 2, slow healing 3
a: Device Recharging, Burn Spellbooks, Berserk, Trog's Hand, Brothers in Arms,
Renounce Religion


You were in the Dungeon.
You worshipped Trog.
Trog was exalted by your worship.
You were very hungry.

You visited 1 branch You collected 1929 gold pieces.
You spent 503 gold pieces at shops.

Inventory:

Hand weapons
 a - a +1 war axe
 b - a +3 antimagic war axe
 d - a +6 antimagic war axe
 e - a +0 spear
 f - a +0 mace
 t - a +5 war axe of freezing (weapon)
 B - a +5 antimagic war axe
 D - a +3 antimagic falchion
 J - a +3 war axe of flaming
 K - a +0 war axe of freezing
 L - a +5 antimagic broad axe
Missiles
 h - an arrow
 y - 2 javelins of penetration (quivered)
Armour
 c - a +1 shield (worn)
 s - a +2 pair of gloves (worn)
 C - a +0 pair of boots (worn)
 M - a +1 chain mail of fire resistance
 S - a +0 helmet of intelligence (worn)
 T - a +3 chain mail (worn)
 U - a +1 cloak (worn)
 V - a +2 buckler of protection
Jewellery
 p - a +2 ring of protection (left hand)
 q - a +3 ring of strength (right hand)
 N - an uncursed ring of protection from fire
 O - an uncursed ring of ice
 Q - an uncursed ring of protection from magic
 R - an uncursed ring of ice
Magical devices
 i - a wand of heal wounds (4)
 o - a wand of draining (6)
Scrolls
 l - 3 scrolls of blinking
 n - 7 scrolls of remove curse
Potions
 g - 8 potions of curing
 j - 4 potions of magic
 k - a potion of berserk rage
 m - a potion of invisibility
 u - 3 potions of brilliance
 v - a potion of resistance
 Y - a potion of cure mutation
Comestibles
 E - 40 fruits
 F - 11 bread rations
 G - 10 meat rations


   Skills:
 * Level 19.2 Fighting
 + Level 19.3 Axes
 + Level 14.4 Armour
 + Level 14.9 Dodging
 + Level 1.5 Stealth
 + Level 18.1 Shields
 + Level 7.8 Evocations


You had 12 spell levels left.
You didn't know any spells.

Dungeon Overview and Level Annotations

Branches:
Dungeon (1/1)

Altars:
Cheibriados
Dithmenos
Elyvilon
Fedhas
Gozag
Kikubaaqudgha
Makhleb
Nemelex Xobeh
Okawaru
Qazlal
Ru
Sif Muna
Trog
Vehumet
Xom
Yredelemnul
Zin
The Shining One
Beogh
Jiyva
Lugonu

Shops:
D (*??


Innate Abilities, Weirdness & Mutations

You are resistant to damage.
You can recharge devices by infusing magical energy.
You passively map the area around you.
You do not heal naturally.
You are somewhat resistant to further mutation.


Message History

The orc knight shoots a bolt.
You block the bolt. Margery casts a spell at you.
The fireball explodes!
The fireball engulfs you!
Ouch! That really hurt!
* * * LOW HITPOINT WARNING * * *
The fireball engulfs Margery.
Zapping:
i - a wand of heal wounds (1)
Press: ? - help, Shift-Dir - straight line, f - you You feel much better.
This wand has 0 charges left.
Margery points at you and mumbles some strange words.
The fireball explodes!
The fireball engulfs you!
* * * LOW HITPOINT WARNING * * *
The fireball engulfs Margery.
Margery dies!
The orc knight shoots a bolt.
You block the bolt.
Use which ability? (? or * to list) Charge which item? (? for menu, Esc to quit)
Your wand of heal wounds (0) glows for a moment and now has 4 charges.
The orc knight shoots a bolt.
The bolt hits you!!
You die...

'▓.▓.▓.▓[▓.▓)▓.▓.▓ ,
* .▓.▓)▓.▓.▓.▓.▓.▓.▓
* * *
.▓.▓)▓.▓.▓.▓.▓.▓(▓,*
*, ,
.▓.▓[▓.▓.▓.▓)▓.▓.▓
*,
.▓.▓.▓.▓.▓.♣'♣)▓.▓ *
* * ,
.▓.▓.▓.▓.▓.♣.♣.▓)▓,
, +
.▓.▓.▓.▓.▓.♣.♣.▓)▓,*
* *
.▓.▓)▓.▓[▓.♣.♣.▓)▓
,* ,
.▓.▓)▓.▓[▓.♣.♣.▓@▓ ,
.▓.▓)▓.▓[▓.♣)♣.▓)▓
,*
'▓.▓)▓.▓.▓.♣.♣.▓o▓
,*, ,
.▓.▓)▓.▓)▓.♣.♣.▓o▓ *
* *,
.▓.▓.▓.▓.▓.♣.♣.▓o▓,
*, , ,
.▓.▓.▓.▓)▓.♣.♣.▓H▓,
* * * *
.▓.▓.▓.▓.▓.▓'▓.▓o▓ *
.▓.▓∩▓.▓.▓.▓.▓.▓C▓
.▓.▓.▓.▓.▓.▓.▓.▓.▓ *
, ,


You could see 4 orc knights, a griffon and an ettin.

Vanquished Creatures
  A shadow dragon (D)
  An emperor scorpion (D)
  A stone giant (D)
  An ettin (D)
  A merfolk impaler (D)
  2 yaktaur captains (D)
  A hydra (D)
  An ice dragon (D)
  A naga warrior (D)
  3 anacondas (D)
  4 rakshasas (D)
  A merfolk avatar (D)
  A ghost crab (D)
  A merfolk aquamancer (D)
  An ogre mage (D)
  2 centaur warriors (D)
  An alligator (D)
  A death yak (D)
  An orc high priest (D)
  A deep troll shaman (D)
  2 spriggan berserkers (D)
  2 hell knights (D)
  A skeletal warrior (D)
  A deep elf summoner (D)
  An ironbrand convoker (D)
  3 hill giants (D)
  An orb spider (D)
  A cyclops (D)
  2 ugly things (D)
  3 wolf spiders (D)
  A harpy (D)
  3 orc knights (D)
  A manticore (D)
  A vault sentinel (D)
  A black mamba (D)
  A siren (D)
  A spiny frog (D)
  A naga mage (D)
  2 komodo dragons (D)
  2 jumping spiders (D)
  A yaktaur (D)
  2 demonic crawlers (D)
  2 merfolk (D)
  A slime creature (D)
  A bog body (D)
  A basilisk (D)
  A shapeshifter (D)
  A tarantella (D)
  A yak (D)
  A vampire mosquito (D)
  A deep elf fighter (D)
  A hippogriff (D)
  A naga (D)
  3 water moccasins (D)
  A porcupine (D)
  An eye of draining (shapeshifter) (D)
  An orc warrior (D)
  A crocodile (D)
  A giant frog (D)
  2 scorpions (D)
  3 hounds (D)
  A quasit (D)
  An orc priest (D)
  An iguana (D)
  A hell rat (D)
  4 adders (D)
  2 river rats (D)
  A giant mite (D)
  A spectral adder (D)
  An adder zombie (D)
  3 orcs (D)
  2 bats (D)
  A hobgoblin (D)
  2 kobolds (D)
  A ball python simulacrum (D)
  A ball python zombie (D)
  A goblin (D)
  A quokka (D)
  A quokka skeleton (D)
  A rat (D)
113 creatures vanquished.

Vanquished Creatures (collateral kills)
  An iron dragon (D)
  A stone giant (D)
  A fire dragon (D)
  An ogre mage (D)
  A centaur warrior (D)
  4 orc high priests (D)
  An unseen horror (D)
  2 hill giants (D)
  A manticore (D)
  7 orc knights (D)
  2 smoke demons (D)
  A gargoyle (D)
  2 hellwings (D)
  2 blue devils (D)
  3 polar bears (D)
  A basilisk (D)
  A chaos spawn (D)
  5 black bears (D)
  8 orc warriors (D)
  2 orc priests (D)
  4 orc wizards (D)
  An adder skeleton (D)
  4 orcs (D)
  A bat skeleton (D)
  A bat zombie (D)
58 creatures vanquished.

Vanquished Creatures (others)
  Margery (D)
  A stone giant (D)
  A spriggan (D)
  A hill giant (D)
  3 deep trolls (D)
  A spiny frog (D)
  A wasp (D)
  A crocodile (D)
  A plant (D)
11 creatures vanquished.

Grand Total: 182 creatures vanquished

Notes
Turn   | Place    | Note
--------------------------------------------------------------
     0 | D        | poirepourri, the Deep Dwarf Fighter, began the quest for the Orb.
     0 | D        | Reached XP level 1. HP: 20/20 MP: 1/1
     9 | D        | Reached skill level 4 in Shields
    15 | D        | Reached XP level 2. HP: 26/28 MP: 2/2
    32 | D        | Noticed a scorpion
    56 | D        | Killed a scorpion
    56 | D        | Reached skill level 5 in Fighting
    56 | D        | Reached skill level 1 in Dodging
    56 | D        | Reached skill level 5 in Shields
    56 | D        | Reached XP level 3. HP: 19/39 MP: 3/3
    57 | D        | Reached skill level 5 in Armour
    66 | D        | Found a glowing silver altar of Zin.
    66 | D        | Found a glowing golden altar of the Shining One.
    66 | D        | Found an ancient bone altar of Kikubaaqudgha.
    66 | D        | Found a basalt altar of Yredelemnul.
    66 | D        | Found a shimmering altar of Xom.
    66 | D        | Found a radiant altar of Vehumet.
    66 | D        | Found an iron altar of Okawaru.
    67 | D        | Found a burning altar of Makhleb.
    68 | D        | Found a deep blue altar of Sif Muna.
    69 | D        | Found a bloodstained altar of Trog.
    70 | D        | Found a sparkling altar of Nemelex Xobeh.
    71 | D        | Found a white marble altar of Elyvilon.
    72 | D        | Found a roughly hewn altar of Beogh.
    73 | D        | Found a viscous altar of Jiyva.
    74 | D        | Found a corrupted altar of Lugonu.
    75 | D        | Found a blossoming altar of Fedhas.
    76 | D        | Found a snail-covered altar of Cheibriados.
    77 | D        | Found a shadowy altar of Dithmenos.
    78 | D        | Became a worshipper of Trog the Wrathful
   119 | D        | Found a stormy altar of Qazlal.
   120 | D        | Found an opulent altar of Gozag.
   121 | D        | Found a sacrificial altar of Ru.
   185 | D        | Noticed a water moccasin
   185 | D        | Noticed a quasit
   185 | D        | Noticed a hound
   191 | D        | Killed a water moccasin
   191 | D        | Reached skill level 6 in Fighting
   191 | D        | Reached XP level 4. HP: 44/49 MP: 4/4
   191 | D        | Reached XP level 5. HP: 50/56 MP: 5/5
   194 | D        | Killed a quasit
   194 | D        | Acquired Trog's first power
   194 | D        | Reached skill level 7 in Fighting
   197 | D        | Killed a hound
   199 | D        | Acquired Trog's second power
   208 | D        | Noticed a centaur warrior
   208 | D        | Noticed a hill giant
   208 | D        | Noticed a scorpion
   208 | D        | Noticed a yak
   208 | D        | Noticed a seven-headed hydra
   218 | D        | Killed a centaur warrior
   218 | D        | Reached skill level 9 in Fighting
   218 | D        | Reached XP level 6. HP: 65/72 MP: 6/6
   218 | D        | Reached XP level 7. HP: 70/78 MP: 7/7
   229 | D        | Killed a hill giant
   229 | D        | Reached skill level 10 in Fighting
   229 | D        | Reached XP level 8. HP: 48/87 MP: 9/9
   233 | D        | Killed a scorpion
   242 | D        | Killed a yak
   242 | D        | Reached skill level 10 in Shields
   250 | D        | Killed a 13-headed hydra
   250 | D        | Reached skill level 11 in Fighting
   250 | D        | Reached skill level 10 in Armour
   250 | D        | Gained mutation: You passively map the area around you. [level up]
   250 | D        | Reached XP level 9. HP: 21/97 MP: 10/10
   261 | D        | Acquired Trog's third power
   600 | D        | Got the cursed ring "Hiog" {Contam rElec rPois Int-3 Dex-3 SInv}
   613 | D        | Noticed a basilisk
   613 | D        | Noticed a hound
   613 | D        | Noticed a hippogriff
   613 | D        | Noticed a hound
   613 | D        | Noticed a spiny frog
   616 | D        | Noticed an iguana
   629 | D        | Killed a basilisk
   634 | D        | Killed a hound
   637 | D        | Noticed a crocodile
   647 | D        | Killed a hippogriff
   651 | D        | Killed a hound
   655 | D        | Received a gift from Trog
   661 | D        | Killed a spiny frog
   661 | D        | Reached skill level 12 in Fighting
   662 | D        | Killed an iguana
   667 | D        | Killed a crocodile
   674 | D        | Received a gift from Trog
   690 | D        | Noticed a komodo dragon
   690 | D        | Noticed a komodo dragon
   690 | D        | Noticed a giant frog
   693 | D        | Noticed a death yak
   700 | D        | Killed a komodo dragon
   700 | D        | Reached skill level 10 in Axes
   704 | D        | Noticed a porcupine
   707 | D        | Killed a komodo dragon
   707 | D        | Reached skill level 1 in Evocations
   718 | D        | Killed a giant frog
   726 | D        | Killed a death yak
   726 | D        | Reached XP level 10. HP: 50/109 MP: 10/13
   729 | D        | Killed a porcupine
   731 | D        | Received a gift from Trog
   744 | D        | Noticed a black bear
   744 | D        | Noticed a polar bear
   744 | D        | Noticed a black bear
   744 | D        | Noticed a polar bear
   744 | D        | Noticed a black bear
   744 | D        | Noticed a black bear
   744 | D        | Noticed a polar bear
   749 | D        | Killed a polar bear
   749 | D        | Reached skill level 10 in Dodging
   751 | D        | Killed a polar bear
   753 | D        | Killed a black bear
   753 | D        | Received a gift from Trog
   756 | D        | Killed a black bear
   757 | D        | Noticed a black bear
   757 | D        | Killed a polar bear
   757 | D        | Reached skill level 13 in Fighting
   759 | D        | Killed a black bear
   761 | D        | Killed a black bear
   766 | D        | Killed a black bear
   792 | D        | Received a gift from Trog
   948 | D        | Noticed an orc priest
   948 | D        | Noticed a stone giant
   948 | D        | Noticed an orc wizard
   952 | D        | Killed an orc priest
   953 | D        | Noticed an orc priest
   958 | D        | Noticed an orc wizard
   962 | D        | Noticed an orc wizard
   965 | D        | Killed a stone giant
   966 | D        | Killed an orc wizard
   966 | D        | Received a gift from Trog
   969 | D        | Noticed an orc warrior
   970 | D        | Killed an orc priest
   974 | D        | Killed an orc warrior
   975 | D        | Killed an orc wizard
   976 | D        | Killed an orc wizard
   984 | D        | Received a gift from Trog
  1005 | D        | Received a gift from Trog
  1034 | D        | Noticed an orc warrior
  1034 | D        | Noticed an orc knight
  1034 | D        | Noticed an orc warrior
  1034 | D        | Noticed an orc warrior
  1034 | D        | Noticed an orc warrior
  1034 | D        | Noticed an orc knight
  1034 | D        | Noticed an orc warrior
  1035 | D        | Noticed an orc warrior
  1045 | D        | Killed an orc knight
  1053 | D        | Noticed an orc warrior
  1054 | D        | Killed an orc warrior
  1055 | D        | Noticed an orc warrior
  1060 | D        | Killed an orc knight
  1060 | D        | Killed an orc warrior
  1060 | D        | Received a gift from Trog
  1062 | D        | Killed an orc warrior
  1062 | D        | Killed an orc warrior
  1064 | D        | Killed an orc warrior
  1066 | D        | Killed an orc warrior
  1071 | D        | Noticed an orc wizard
  1071 | D        | Killed an orc warrior
  1072 | D        | Noticed an orc priest
  1072 | D        | Killed an orc warrior
  1074 | D        | Killed an orc wizard
  1074 | D        | Received a gift from Trog
  1075 | D        | Killed an orc priest
  1094 | D        | Received a gift from Trog
  1131 | D        | Found Gogew's Antique Weapon Emporium.
  1131 | D        | Noticed an orc high priest
  1131 | D        | Noticed an orc high priest
  1131 | D        | Noticed an orc knight
  1131 | D        | Noticed an orc knight
  1131 | D        | Noticed an orc knight
  1131 | D        | Noticed an orc high priest
  1136 | D        | Killed an orc high priest
  1142 | D        | Killed an orc high priest
  1144 | D        | Killed an orc knight
  1144 | D        | Reached skill level 14 in Fighting
  1145 | D        | Noticed an orc knight
  1147 | D        | Killed an orc knight
  1147 | D        | Reached skill level 5 in Evocations
  1147 | D        | Reached XP level 11. HP: 87/120 MP: 6/18
  1149 | D        | Killed an orc knight
  1150 | D        | Noticed a sun demon
  1162 | D        | Killed an orc high priest
  1166 | D        | Killed an orc knight
  1168 | D        | Noticed an orc knight
  1170 | D        | Killed an orc knight
  1176 | D        | Received a gift from Trog
  1177 | D        | Found Idix's Assorted Antiques.
  1181 | D        | Found Gruaz's Magic Scroll Emporium.
  1186 | D        | Found Orunok's Magic Scroll Shoppe.
  1188 | D        | Noticed an orc high priest
  1189 | D        | Noticed an orc knight
  1190 | D        | Noticed an orc knight
  1190 | D        | Noticed an orc knight
  1191 | D        | Noticed an orc high priest
  1203 | D        | Killed an orc high priest
  1231 | D        | Killed an orc knight
  1242 | D        | Killed an orc knight
  1255 | D        | Killed an orc knight
  1259 | D        | Killed an orc high priest
  1263 | D        | Received a gift from Trog
  1332 | D        | Bought a scroll of enchant weapon for 105 gold pieces
  1332 | D        | Bought a scroll of enchant armour for 105 gold pieces
  1332 | D        | Bought a scroll of enchant armour for 105 gold pieces
  1332 | D        | Bought a scroll of remove curse for 42 gold pieces
  1332 | D        | Bought a scroll of identify for 28 gold pieces
  1336 | D        | Bought a scroll labeled WURROI QUDDOQ for 20 gold pieces
  1336 | D        | Bought a scroll labeled TRIRES EBBAPH for 20 gold pieces
  1336 | D        | Bought a potion of curing for 60 gold pieces
  1336 | D        | Bought a fizzy dark potion for 18 gold pieces
  1338 | D        | Gained mutation: You are somewhat resistant to further mutation. [potion of beneficial mutation]
  1686 | D        | Noticed a centaur warrior
  1686 | D        | Noticed a gargoyle
  1686 | D        | Noticed a hill giant
  1693 | D        | Killed a centaur warrior
  1694 | D        | Killed a gargoyle
  1698 | D        | Killed a hill giant
  1699 | D        | Noticed a basilisk
  1699 | D        | Killed an unseen horror
  1699 | D        | Reached skill level 1 in Stealth
  1700 | D        | Noticed a hill giant
  1702 | D        | Noticed a rakshasa
  1703 | D        | Received a gift from Trog
  1703 | D        | Killed a basilisk
  1704 | D        | Noticed a hornet
  1705 | D        | Noticed a deep elf summoner
  1705 | D        | Killed a hill giant
  1705 | D        | Reached skill level 15 in Fighting
  1706 | D        | Noticed an ettin
  1706 | D        | Noticed a rakshasa
  1706 | D        | a hornet changed into a queen bee
  1708 | D        | Noticed a fire crab
  1708 | D        | a yak changed into a fire crab
  1713 | D        | a fire crab changed into a queen bee
  1716 | D        | Noticed a hell knight
  1717 | D        | Killed a rakshasa
  1738 | D        | Killed an ettin
  1742 | D        | Killed a deep elf summoner
  1742 | D        | Received a gift from Trog
  1748 | D        | Killed a hell knight
  1760 | D        | Killed a rakshasa
  1763 | D        | Killed a rakshasa
  1765 | D        | Killed a rakshasa
  2089 | D        | Noticed a siren
  2089 | D        | Noticed a merfolk
  2089 | D        | Noticed a merfolk impaler
  2089 | D        | Noticed a manticore
  2089 | D        | Noticed a cyclops
  2089 | D        | Noticed a merfolk avatar
  2089 | D        | Noticed a harpy
  2090 | D        | Noticed a merfolk aquamancer
  2094 | D        | Killed a siren
  2094 | D        | Reached XP level 12. HP: 113/133 MP: 21/21
  2095 | D        | Noticed a merfolk
  2114 | D        | Killed a merfolk impaler
  2114 | D        | Reached skill level 16 in Fighting
  2127 | D        | Killed a merfolk
  2129 | D        | Killed a manticore
  2137 | D        | Killed a cyclops
  2137 | D        | Received a gift from Trog
  2137 | D        | Reached skill level 15 in Axes
  2146 | D        | Killed a merfolk avatar
  2148 | D        | Killed a harpy
  2148 | D        | Killed a merfolk aquamancer
  2156 | D        | Killed a merfolk
  2156 | D        | Reached skill level 15 in Shields
  2195 | D        | Received a gift from Trog
  2217 | D        | Noticed a water moccasin
  2217 | D        | Noticed a naga warrior
  2217 | D        | Noticed a naga mage
  2217 | D        | Noticed a black mamba
  2217 | D        | Noticed an anaconda
  2217 | D        | Noticed an anaconda
  2217 | D        | Noticed a water moccasin
  2218 | D        | Noticed an anaconda
  2219 | D        | Killed a water moccasin
  2223 | D        | Noticed a naga
  2240 | D        | Killed a naga warrior
  2243 | D        | Killed a naga mage
  2253 | D        | Killed an anaconda
  2259 | D        | Killed an anaconda
  2259 | D        | Received a gift from Trog
  2264 | D        | Killed an anaconda
  2264 | D        | Reached skill level 17 in Fighting
  2268 | D        | Killed a black mamba
  2269 | D        | Killed a water moccasin
  2274 | D        | Killed a naga
  2317 | D        | Noticed a crocodile
  2317 | D        | Noticed a bog body
  2317 | D        | Noticed a ghost crab
  2317 | D        | Noticed a spiny frog
  2317 | D        | Noticed a vampire mosquito
  2317 | D        | Noticed a spriggan rider
  2320 | D        | Killed a crocodile
  2322 | D        | Killed a spiny frog
  2323 | D        | Killed a spriggan rider
  2323 | D        | Killed a wasp
  2325 | D        | Killed a bog body
  2339 | D        | Killed a ghost crab
  2339 | D        | Received a gift from Trog
  2341 | D        | Killed a vampire mosquito
  2342 | D        | Noticed a slime creature
  2364 | D        | Killed a slime creature
  2365 | D        | Noticed an alligator
  2376 | D        | Killed an alligator
  2389 | D        | Noticed an orb spider
  2389 | D        | Noticed a wolf spider
  2389 | D        | Noticed a tarantella
  2389 | D        | Noticed a demonic crawler
  2389 | D        | Noticed a jumping spider
  2389 | D        | Noticed a wolf spider
  2389 | D        | Noticed a wolf spider
  2392 | D        | Noticed a demonic crawler
  2395 | D        | Noticed a jumping spider
  2396 | D        | Killed an orb spider
  2400 | D        | Killed a jumping spider
  2402 | D        | Killed a wolf spider
  2408 | D        | Killed a tarantella
  2412 | D        | Killed a demonic crawler
  2418 | D        | Killed a jumping spider
  2418 | D        | Received a gift from Trog
  2421 | D        | Killed a wolf spider
  2425 | D        | Killed a wolf spider
  2425 | D        | Reached XP level 13. HP: 130/145 MP: 22/22
  2433 | D        | Killed a demonic crawler
  2553 | D        | Noticed an ice dragon
  2553 | D        | Noticed a cyan ugly thing
  2553 | D        | Noticed a yaktaur
  2553 | D        | Noticed an emperor scorpion
  2553 | D        | Noticed a guardian serpent
  2553 | D        | Noticed a spriggan berserker
  2553 | D        | Noticed a shadow dragon
  2570 | D        | Killed an ice dragon
  2570 | D        | Received a gift from Trog
  2575 | D        | Noticed a spriggan berserker
  2577 | D        | Killed a cyan ugly thing
  2578 | D        | Noticed a yaktaur captain
  2580 | D        | a guardian serpent changed into a troll
  2584 | D        | Killed a yaktaur
  2593 | D        | Noticed a deep troll shaman
  2606 | D        | Killed an emperor scorpion
  2615 | D        | Noticed a yaktaur captain
  2618 | D        | Killed a spriggan berserker
  2626 | D        | Noticed an iron dragon
  2644 | D        | Killed a shadow dragon
  2644 | D        | Reached skill level 18 in Fighting
  2647 | D        | Killed a spriggan berserker
  2651 | D        | Killed a yaktaur captain
  2651 | D        | Received a gift from Trog
  2653 | D        | Killed a deep troll shaman
  2654 | D        | Noticed an ogre mage
  2655 | D        | Noticed a manticore
  2659 | D        | Killed a yaktaur captain
  2662 | D        | Noticed a fire dragon
  2665 | D        | Noticed a hell knight
  2666 | D        | Killed a manticore
  2669 | D        | Noticed a centaur warrior
  2684 | D        | Killed an ogre mage
  2687 | D        | Killed an iron dragon
  2807 | D        | Killed a fire dragon
  2807 | D        | Received a gift from Trog
  3128 | D        | Killed a hell knight
  3168 | D        | Killed a centaur warrior
  3243 | D        | Noticed a stone giant
  3260 | D        | Killed a stone giant
  3264 | D        | Noticed a vault sentinel
  3264 | D        | Noticed a deep elf fighter
  3264 | D        | Noticed a white ugly thing
  3264 | D        | Noticed a hill giant
  3264 | D        | Noticed a skeletal warrior
  3264 | D        | Noticed an ironbrand convoker
  3264 | D        | Noticed a hill giant
  3268 | D        | Killed a vault sentinel
  3271 | D        | Killed a deep elf fighter
  3275 | D        | Killed a white ugly thing
  3275 | D        | Received a gift from Trog
  3276 | D        | Noticed an orc knight
  3279 | D        | Noticed an orc knight
  3280 | D        | Killed a hill giant
  3283 | D        | Killed a skeletal warrior
  3284 | D        | Noticed an orc knight
  3285 | D        | Noticed a griffon
  3287 | D        | Noticed Margery
  3287 | D        | Noticed an orc knight
  3287 | D        | Noticed an ogre mage
  3290 | D        | Killed an ironbrand convoker
  3292 | D        | Killed an ogre mage
  3292 | D        | Reached skill level 19 in Fighting
  3294 | D        | Killed a hill giant
  3298 | D        | Noticed an ettin
  3303 | D        | HP: 7/150 [Margery/fireball (51)]
  3303 | D        | Killed Margery
  3304 | D        | Shot with a bolt by an orc knight

Action                   |  1- 3 |  4- 6 |  7- 9 | 10-12 | 13-15 || total
-------------------------+-------+-------+-------+-------+-------++-------
Melee: War axe           |    54 |    14 |    84 |   278 |   161 ||   591
       Broad axe         |       |       |    19 |    19 |       ||    38
Invok: Trog's Hand       |       |       |     6 |    11 |     5 ||    22
       Berserk           |       |       |     1 |     3 |     2 ||     6
       Brothers in Arms  |       |       |       |     7 |     4 ||    11
 Abil: Device Recharging |       |       |       |     1 |     1 ||     2
Evoke: Wand              |     1 |       |     4 |     5 |     5 ||    15
  Use: Potion            |     1 |     1 |       |     4 |     3 ||     9
       Scroll            |       |       |     2 |    14 |       ||    16
  Eat: Bread ration      |       |       |     1 |     1 |       ||     2
       Meat ration       |       |       |       |     1 |     1 ||     2
